1842 views
Uploaded 2023-02-09 01:50:49
Game version 1.35 (6115)
36:12 long 3on3 ladder game on (6)TimbermawHold
Saved by Cabeelibob
1842 views
Uploaded 2023-02-09 01:50:49
Game version 1.35 (6115)
36:12 long 3on3 ladder game on (6)TimbermawHold


123 units @ 16.8k
/ 2.7k
83 buildings @ 14.2k
/ 6.4k


| Peon | 13 | 975 | / | 0 |
| Grunt | 6 | 1200 | / | 0 |
| Troll Batrider | 20 | 3200 | / | 800 |
| Troll Witch Doctor | 2 | 290 | / | 50 |
| total: | 41 | 5665g | / | 850w |
| Watch Tower | 2 | 220 | / | 160 |
| Altar of Storms | 2 | 360 | / | 100 |
| Orc Burrow | 6 | 960 | / | 240 |
| Barracks | 1 | 180 | / | 50 |
| War Mill | 2 | 410 | / | 0 |
| Voodoo Lounge | 2 | 260 | / | 60 |
| Great Hall | 5 | 1925 | / | 925 |
| Beastiary | 3 | 435 | / | 420 |
| Spirit Lodge | 1 | 150 | / | 150 |
| Stronghold | 2 | 630 | / | 380 |
| Fortress | 2 | 650 | / | 380 |
| total: | 24 | 4900g | / | 2105w |
| 0:05 | Peon |
| 0:05 | Peon |
| 0:12 | Altar of Storms |
| 0:14 | Altar of Storms |
| 0:17 | Orc Burrow |
| 0:24 | Peon |
| 0:30 | Barracks |
| 0:35 | Peon |
| 0:53 | Peon |
| 0:53 | Peon |
| 1:35 | War Mill |
| 1:36 | Peon |
| 1:46 | Grunt |
| 2:05 | Orc Burrow |
| 2:37 | Feral Spirit |
| 3:03 | Stronghold |
| 3:05 | Grunt |
| 3:25 | Grunt |
| 3:28 | Steel Melee Weapons |
| 4:08 | Grunt |
| 4:26 | Orc Burrow |
| 4:41 | Grunt |
| 4:45 | Steel Armor |
| 4:55 | Chain Lighting |
| 5:26 | Beastiary |
| 6:38 | War Stomp |
| 6:53 | Thorium Melee Weapons |
| 6:54 | Fortress |
| 8:10 | Grunt |
| 8:10 | Berserker Strength |
| 8:33 | Orc Burrow |
| 9:22 | Voodoo Lounge |
| 10:22 | Steel Ranged Weapons |
| 10:30 | Troll Batrider |
| 10:30 | Troll Batrider |
| 10:30 | Troll Batrider |
| 11:22 | Troll Batrider |
| 11:36 | Liquid Fire |
| 12:11 | Spirit Lodge |
| 12:39 | Troll Batrider |
| 13:04 | Orc Burrow |
| 13:40 | Witch Doctor Adept Training |
| 14:28 | Troll Batrider |
| 14:28 | Troll Batrider |
| 15:12 | Thorium Ranged Weapons |
| 15:13 | Thorium Armor |
| 15:16 | Peon |
| 15:16 | Peon |
| 18:19 | Great Hall |
| 18:25 | War Mill |
| 19:14 | Orc Burrow |
| 19:35 | Troll Witch Doctor |
| 20:30 | Troll Witch Doctor |
| 20:54 | Stronghold |
| 22:36 | Great Hall |
| 23:21 | Fortress |
| 23:24 | Beastiary |
| 23:57 | Beastiary |
| 24:39 | Voodoo Lounge |
| 25:36 | Great Hall |
| 25:42 | Troll Batrider |
| 25:42 | Troll Batrider |
| 25:42 | Troll Batrider |
| 25:46 | Witch Doctor Master Training |
| 26:06 | Watch Tower |
| 26:37 | Troll Batrider |
| 26:51 | Endurance Aura |
| 27:15 | Watch Tower |
| 28:00 | Troll Batrider |
| 28:34 | Troll Batrider |
| 28:39 | Troll Batrider |
| 28:50 | Peon |
| 29:23 | Troll Batrider |
| 29:47 | Troll Batrider |
| 30:25 | Peon |
| 31:18 | Chain Lighting |
| 31:43 | Troll Batrider |
| 31:46 | Peon |
| 31:46 | Peon |
| 32:39 | Troll Batrider |
| 32:39 | Troll Batrider |
| 32:55 | Troll Batrider |
| 34:26 | Great Hall |
| 34:50 | Great Hall |
| Right click | 767 |
| Select group | 743 |
| Select | 534 |
| Misc. action | 106 |
| Build/train/purchase | 80 |
| Assign group | 30 |
| Resource trade | 24 |
| Use ability | 23 |
| Minimap ping | 12 |
| Esc | 4 |
| Remove unit | 1 |
kriztopher
(35:59) : 

| Scroll of Regeneration | 2 | 200 |
| Lesser Clarity Potion | 2 | 140 |
| Dust of Appearance | 1 | 75 |
| Scroll of Healing | 3 | 750 |
| Scroll of Town Portal | 1 | 350 |
| Boots of Speed | 1 | 250 |
| Potion of Lesser Invulnerability | 3 | 450 |
| total: | 13 | 2215g |
| Peasant | 23 | 1725 | / | 0 |
| Footman | 4 | 540 | / | 0 |
| Mortar Team | 6 | 1080 | / | 420 |
| Siege Engine | 2 | 390 | / | 120 |
| Flying Machine | 5 | 500 | / | 150 |
| total: | 40 | 4235g | / | 690w |
| Scout Tower | 2 | 60 | / | 40 |
| Guard Tower | 1 | 70 | / | 50 |
| Farm | 15 | 1200 | / | 300 |
| Altar of Kings | 1 | 180 | / | 50 |
| Barracks | 1 | 160 | / | 60 |
| Arcane Vault | 1 | 130 | / | 30 |
| Lumber Mill | 1 | 120 | / | 0 |
| Blacksmith | 1 | 140 | / | 60 |
| Town Hall | 7 | 2695 | / | 1435 |
| Arcane Sanctum | 2 | 300 | / | 280 |
| Workshop | 3 | 420 | / | 420 |
| Keep | 1 | 320 | / | 210 |
| Castle | 1 | 360 | / | 210 |
| total: | 34 | 5405g | / | 2675w |
| 0:02 | Peasant |
| 0:02 | Peasant |
| 0:18 | Farm |
| 0:21 | Altar of Kings |
| 0:23 | Barracks |
| 0:30 | Peasant |
| 0:40 | Peasant |
| 0:49 | Farm |
| 0:59 | Peasant |
| 1:11 | Peasant |
| 1:25 | Footman |
| 1:36 | Farm |
| 1:43 | Peasant |
| 1:45 | Footman |
| 2:00 | Peasant |
| 2:03 | Footman |
| 2:15 | Arcane Vault |
| 2:20 | Peasant |
| 2:25 | Storm Bolt |
| 2:31 | Footman |
| 2:38 | Peasant |
| 2:55 | Peasant |
| 3:32 | Thunder Clap |
| 3:33 | Scroll of Regeneration |
| 3:33 | Lesser Clarity Potion |
| 3:33 | Scroll of Regeneration |
| 3:34 | Lesser Clarity Potion |
| 3:53 | Keep |
| 4:05 | Dust of Appearance |
| 4:13 | Boots of Speed |
| 5:09 | Lumber Mill |
| 7:01 | Farm |
| 7:02 | Castle |
| 7:04 | Arcane Sanctum |
| 7:04 | Arcane Sanctum |
| 7:13 | Storm Bolt |
| 7:38 | Blacksmith |
| 7:50 | Farm |
| 8:20 | Workshop |
| 8:23 | Black Gunpowder |
| 8:38 | Farm |
| 8:49 | Mortar Team |
| 8:51 | Workshop |
| 9:15 | Flame Strike |
| 9:57 | Mortar Team |
| 9:58 | Farm |
| 9:59 | Farm |
| 10:00 | Workshop |
| 10:16 | Improved Lumber Harvesting |
| 10:22 | Mortar Team |
| 10:53 | Town Hall |
| 11:25 | Mortar Team |
| 11:56 | Flare |
| 12:16 | Scout Tower |
| 12:19 | Scout Tower |
| 12:26 | Refined Gunpowder |
| 13:23 | Guard Tower |
| 14:18 | Potion of Lesser Invulnerability |
| 14:36 | Mortar Team |
| 15:06 | Scroll of Healing |
| 15:06 | Scroll of Healing |
| 15:59 | Siphon Mana |
| 16:59 | Siege Engine |
| 16:59 | Siege Engine |
| 17:03 | Peasant |
| 17:03 | Peasant |
| 17:03 | Peasant |
| 17:04 | Peasant |
| 17:04 | Peasant |
| 17:08 | Potion of Lesser Invulnerability |
| 17:48 | Thunder Clap |
| 18:21 | Peasant |
| 18:22 | Peasant |
| 18:22 | Peasant |
| 18:22 | Peasant |
| 18:24 | Peasant |
| 18:59 | Town Hall |
| 19:28 | Mortar Team |
| 19:28 | Flying Machine |
| 19:29 | Flying Machine |
| 19:29 | Flying Machine |
| 19:32 | Farm |
| 19:33 | Farm |
| 20:10 | Town Hall |
| 20:35 | Flame Strike |
| 20:51 | Flying Machine |
| 20:51 | Flying Machine |
| 20:53 | Farm |
| 22:38 | Potion of Lesser Invulnerability |
| 22:39 | Scroll of Healing |
| 23:01 | Town Hall |
| 23:11 | Scroll of Town Portal |
| 24:59 | Town Hall |
| 25:23 | Town Hall |
| 26:50 | Farm |
| 28:25 | Peasant |
| 28:25 | Peasant |
| 33:41 | Farm |
| 33:50 | Farm |
| 33:52 | Farm |
| 35:08 | Town Hall |
| 35:36 | Storm Bolt |
| Right click | 1503 |
| Select group | 912 |
| Select | 681 |
| Misc. action | 243 |
| Build/train/purchase | 92 |
| Use ability | 79 |
| Resource trade | 44 |
| Minimap ping | 29 |
| Assign group | 28 |
| Esc | 4 |
| Item give/drop | 3 |


| Scroll of Town Portal | 3 | 1050 |
| total: | 3 | 1050g |
| Acolyte | 18 | 1350 | / | 0 |
| Ghoul | 2 | 240 | / | 0 |
| Crypt Fiend | 10 | 2150 | / | 400 |
| Meat Wagon | 8 | 1840 | / | 400 |
| Obsidian Statue | 1 | 200 | / | 35 |
| Frost Wyrm | 3 | 1155 | / | 360 |
| total: | 42 | 6935g | / | 1195w |
| Spirit Tower | 3 | 435 | / | 120 |
| Crypt | 2 | 400 | / | 100 |
| Graveyard | 1 | 215 | / | 0 |
| Ziggurat | 16 | 2400 | / | 800 |
| Altar of Darkness | 1 | 180 | / | 50 |
| Tomb of Relics | 1 | 130 | / | 30 |
| Slaughterhouse | 1 | 140 | / | 135 |
| Sacrificial Pit | 1 | 75 | / | 150 |
| Boneyard | 2 | 350 | / | 400 |
| Halls of the Dead | 1 | 320 | / | 210 |
| Black Citadel | 1 | 325 | / | 230 |
| total: | 25 | 3890g | / | 1665w |
| 0:06 | Crypt |
| 0:08 | Acolyte |
| 0:11 | Graveyard |
| 0:15 | Ziggurat |
| 0:28 | Acolyte |
| 0:49 | Altar of Darkness |
| 1:09 | Ghoul |
| 1:34 | Crypt Fiend |
| 1:58 | Ziggurat |
| 2:11 | Crypt Fiend |
| 2:52 | Death Coil |
| 2:53 | Crypt Fiend |
| 3:07 | Creature Attack |
| 3:11 | Crypt |
| 3:28 | Ziggurat |
| 4:08 | Crypt Fiend |
| 4:11 | Creature Carapace |
| 4:38 | Crypt Fiend |
| 4:44 | Crypt Fiend |
| 4:54 | Unholy Aura |
| 5:17 | Halls of the Dead |
| 6:05 | Crypt Fiend |
| 6:09 | Ziggurat |
| 7:44 | Slaughterhouse |
| 7:45 | Crypt Fiend |
| 8:47 | Tomb of Relics |
| 9:10 | Death Coil |
| 9:34 | Meat Wagon |
| 9:40 | Sacrificial Pit |
| 9:43 | Ziggurat |
| 9:45 | Ziggurat |
| 10:05 | Acolyte |
| 10:06 | Acolyte |
| 10:06 | Acolyte |
| 10:09 | Acolyte |
| 10:31 | Unholy Aura |
| 11:12 | Acolyte |
| 11:12 | Acolyte |
| 11:34 | Meat Wagon |
| 11:34 | Meat Wagon |
| 12:25 | Acolyte |
| 12:26 | Acolyte |
| 12:26 | Acolyte |
| 12:26 | Acolyte |
| 12:26 | Acolyte |
| 13:22 | Ziggurat |
| 13:23 | Ziggurat |
| 13:24 | Ziggurat |
| 13:30 | Ziggurat |
| 13:54 | Ghoul |
| 14:36 | Improved Creature Attack |
| 15:56 | Death Coil |
| 16:24 | Meat Wagon |
| 16:24 | Meat Wagon |
| 16:24 | Meat Wagon |
| 16:47 | Spirit Tower |
| 16:51 | Frost Nova |
| 17:02 | Web |
| 17:03 | Crypt Fiend |
| 17:36 | Black Citadel |
| 18:30 | Meat Wagon |
| 18:30 | Meat Wagon |
| 18:32 | Obsidian Statue |
| 18:38 | Crypt Fiend |
| 18:45 | Scroll of Town Portal |
| 20:05 | Boneyard |
| 20:15 | Boneyard |
| 20:22 | Spirit Tower |
| 21:10 | Acolyte |
| 21:10 | Acolyte |
| 21:10 | Acolyte |
| 21:10 | Acolyte |
| 21:14 | Acolyte |
| 23:37 | Freezing Breath |
| 23:40 | Frost Wyrm |
| 26:30 | Frost Armor |
| 26:38 | Scroll of Town Portal |
| 26:45 | Scroll of Town Portal |
| 28:24 | Ziggurat |
| 28:25 | Ziggurat |
| 28:28 | Ziggurat |
| 28:29 | Ziggurat |
| 28:35 | Ziggurat |
| 28:36 | Ziggurat |
| 30:59 | Spirit Tower |
| 31:44 | Frost Wyrm |
| 35:50 | Frost Wyrm |
| Right click | 917 |
| Select group | 520 |
| Select | 363 |
| Misc. action | 233 |
| Build/train/purchase | 88 |
| Chat | 84 |
| Use ability | 36 |
| Assign group | 28 |
| Resource trade | 25 |
| Minimap ping | 24 |
| Esc | 8 |
86 units @ 8.4k
/ 1.2k
125 buildings @ 11k
/ 5.9k
GIGA
(207)
(36:07) : 
| Healing Salve | 1 | 100 |
| Orb of Lightning | 1 | 375 |
| Lesser Clarity Potion | 1 | 70 |
| Boots of Speed | 1 | 250 |
| Staff of Teleportation | 1 | 150 |
| total: | 5 | 945g |
| Peon | 15 | 1125 | / | 0 |
| Troll Witch Doctor | 7 | 1015 | / | 175 |
| total: | 22 | 2140g | / | 175w |
| Watch Tower | 33 | 3630 | / | 2640 |
| Altar of Storms | 1 | 180 | / | 50 |
| Orc Burrow | 3 | 480 | / | 120 |
| War Mill | 1 | 205 | / | 0 |
| Voodoo Lounge | 1 | 130 | / | 30 |
| Great Hall | 1 | 385 | / | 185 |
| Spirit Lodge | 1 | 150 | / | 150 |
| Stronghold | 1 | 315 | / | 190 |
| Fortress | 1 | 325 | / | 190 |
| total: | 41 | 5160g | / | 3175w |
| 0:02 | Peon |
| 0:02 | Peon |
| 0:05 | Altar of Storms |
| 0:08 | Orc Burrow |
| 0:15 | Peon |
| 0:36 | Peon |
| 0:36 | Peon |
| 0:49 | War Mill |
| 0:56 | Peon |
| 1:08 | Voodoo Lounge |
| 1:15 | Peon |
| 1:28 | Peon |
| 1:37 | Peon |
| 1:48 | Peon |
| 1:48 | Peon |
| 2:06 | Orc Burrow |
| 2:13 | Wind Walk |
| 2:20 | Peon |
| 2:20 | Peon |
| 3:51 | Peon |
| 3:51 | Peon |
| 3:54 | Watch Tower |
| 3:55 | Watch Tower |
| 3:56 | Watch Tower |
| 3:57 | Watch Tower |
| 3:59 | Watch Tower |
| 4:41 | Stronghold |
| 5:30 | Critical Strike |
| 5:32 | Bash |
| 5:33 | Bash |
| 5:38 | Orc Burrow |
| 5:41 | Watch Tower |
| 5:42 | Watch Tower |
| 5:45 | Watch Tower |
| 6:33 | Watch Tower |
| 6:34 | Watch Tower |
| 6:35 | Watch Tower |
| 6:36 | Watch Tower |
| 6:37 | Watch Tower |
| 6:41 | Watch Tower |
| 7:25 | Fortress |
| 7:27 | Healing Salve |
| 8:06 | Reinforced Defenses |
| 8:56 | Spirit Lodge |
| 10:05 | Orb of Lightning |
| 10:52 | Boots of Speed |
| 10:54 | Staff of Teleportation |
| 11:08 | Wind Walk |
| 11:51 | Witch Doctor Adept Training |
| 11:51 | Troll Witch Doctor |
| 11:51 | Troll Witch Doctor |
| 12:45 | Critical Strike |
| 13:36 | Witch Doctor Master Training |
| 13:37 | Troll Witch Doctor |
| 14:07 | Watch Tower |
| 14:08 | Watch Tower |
| 14:58 | Troll Witch Doctor |
| 15:04 | Watch Tower |
| 15:04 | Watch Tower |
| 15:05 | Watch Tower |
| 15:06 | Watch Tower |
| 15:07 | Watch Tower |
| 16:21 | Critical Strike |
| 16:41 | Troll Witch Doctor |
| 16:41 | Troll Witch Doctor |
| 17:21 | Great Hall |
| 18:03 | Watch Tower |
| 18:26 | Watch Tower |
| 18:27 | Watch Tower |
| 18:29 | Watch Tower |
| 18:31 | Watch Tower |
| 18:49 | Watch Tower |
| 18:49 | Watch Tower |
| 19:33 | Watch Tower |
| 19:38 | Watch Tower |
| 21:59 | Holy Light |
| 27:18 | Bladestorm |
| 28:27 | Mirror Image |
| 29:02 | Troll Witch Doctor |
| 30:28 | Watch Tower |
| 30:29 | Watch Tower |
| 30:30 | Watch Tower |
| 33:03 | Mirror Image |
| 34:24 | Lesser Clarity Potion |
| Right click | 2869 |
| Select | 329 |
| Select group | 221 |
| Build/train/purchase | 163 |
| Resource trade | 63 |
| Use ability | 33 |
| Minimap ping | 24 |
| Misc. action | 13 |
| Assign group | 5 |
| Item give/drop | 4 |
| Esc | 1 |


| Peasant | 15 | 1125 | / | 0 |
| total: | 15 | 1125g | / | 0w |
| Scout Tower | 25 | 750 | / | 500 |
| Arcane Tower | 1 | 70 | / | 50 |
| Guard Tower | 12 | 840 | / | 600 |
| Altar of Kings | 2 | 360 | / | 100 |
| Farm | 5 | 400 | / | 100 |
| Lumber Mill | 2 | 240 | / | 0 |
| Blacksmith | 2 | 280 | / | 120 |
| Town Hall | 1 | 385 | / | 205 |
| Keep | 2 | 640 | / | 420 |
| Castle | 1 | 360 | / | 210 |
| total: | 37 | 2415g | / | 1025w |
| 0:02 | Peasant |
| 0:15 | Peasant |
| 0:18 | Altar of Kings |
| 0:19 | Peasant |
| 0:33 | Farm |
| 0:35 | Peasant |
| 0:48 | Lumber Mill |
| 0:49 | Peasant |
| 1:05 | Peasant |
| 1:07 | Farm |
| 1:11 | Peasant |
| 1:17 | Peasant |
| 1:39 | Peasant |
| 1:47 | Peasant |
| 2:01 | Farm |
| 2:03 | Peasant |
| 2:10 | Scout Tower |
| 2:25 | Peasant |
| 2:39 | Storm Bolt |
| 2:43 | Arcane Tower |
| 2:45 | Peasant |
| 3:00 | Scout Tower |
| 3:02 | Scout Tower |
| 3:03 | Scout Tower |
| 3:09 | Scout Tower |
| 3:10 | Scout Tower |
| 3:12 | Scout Tower |
| 3:13 | Scout Tower |
| 3:13 | Scout Tower |
| 3:19 | Keep |
| 3:28 | Improved Lumber Harvesting |
| 3:38 | Guard Tower |
| 3:43 | Guard Tower |
| 3:49 | Guard Tower |
| 3:57 | Guard Tower |
| 4:05 | Scout Tower |
| 4:11 | Scout Tower |
| 4:15 | Scout Tower |
| 4:17 | Scout Tower |
| 4:17 | Scout Tower |
| 4:21 | Guard Tower |
| 4:23 | Scout Tower |
| 4:24 | Scout Tower |
| 4:25 | Scout Tower |
| 4:28 | Guard Tower |
| 4:48 | Guard Tower |
| 4:50 | Scout Tower |
| 4:51 | Scout Tower |
| 4:56 | Guard Tower |
| 5:01 | Guard Tower |
| 5:16 | Blacksmith |
| 5:48 | Castle |
| 5:55 | Scout Tower |
| 5:57 | Scout Tower |
| 5:59 | Scout Tower |
| 6:21 | Guard Tower |
| 6:29 | Guard Tower |
| 6:31 | Scout Tower |
| 6:33 | Guard Tower |
| 6:34 | Scout Tower |
| 6:38 | Scout Tower |
| 7:33 | Altar of Kings |
| 7:34 | Farm |
| 7:35 | Farm |
| 7:46 | Blacksmith |
| 7:59 | Lumber Mill |
| 8:12 | Improved Masonry |
| 8:13 | Advanced Lumber Harvesting |
| 17:07 | Devotion Aura |
| 17:14 | Storm Bolt |
| 17:18 | Storm Bolt |
| 21:26 | Town Hall |
| 25:15 | Peasant |
| 25:15 | Peasant |
| 25:26 | Bash |
| 25:29 | Bash |
| 25:32 | Keep |
| 29:18 | Divine Shield |
| 29:58 | Holy Light |
| 32:41 | Divine Shield |
| 33:16 | Storm Bolt |
| 33:36 | Storm Bolt |
| Right click | 1827 |
| Select group | 918 |
| Select | 264 |
| Misc. action | 138 |
| Use ability | 91 |
| Build/train/purchase | 59 |
| Resource trade | 29 |
| Minimap ping | 25 |
| Assign group | 15 |
| Remove unit | 1 |
| Esc | 1 |



| Peasant | 18 | 1350 | / | 0 |
| Mortar Team | 2 | 360 | / | 140 |
| Flying Machine | 24 | 2400 | / | 720 |
| Dragonhawk Rider | 5 | 1000 | / | 150 |
| total: | 49 | 5110g | / | 1010w |
| Scout Tower | 24 | 720 | / | 480 |
| Arcane Tower | 1 | 70 | / | 50 |
| Guard Tower | 11 | 770 | / | 550 |
| Altar of Kings | 1 | 180 | / | 50 |
| Farm | 13 | 1040 | / | 260 |
| Lumber Mill | 1 | 120 | / | 0 |
| Town Hall | 1 | 385 | / | 205 |
| Blacksmith | 1 | 140 | / | 60 |
| Arcane Vault | 2 | 260 | / | 60 |
| Gryphon Aviary | 1 | 140 | / | 150 |
| Workshop | 3 | 420 | / | 420 |
| Keep | 1 | 320 | / | 210 |
| Castle | 1 | 360 | / | 210 |
| total: | 47 | 3405g | / | 1685w |
| 0:05 | Altar of Kings |
| 0:08 | Farm |
| 0:09 | Peasant |
| 0:18 | Peasant |
| 0:24 | Peasant |
| 0:40 | Peasant |
| 0:54 | Lumber Mill |
| 0:55 | Peasant |
| 1:06 | Farm |
| 1:16 | Peasant |
| 1:26 | Peasant |
| 1:41 | Scout Tower |
| 1:56 | Improved Masonry |
| 2:17 | Storm Bolt |
| 2:20 | Arcane Tower |
| 2:23 | Scout Tower |
| 2:29 | Farm |
| 2:39 | Peasant |
| 2:40 | Peasant |
| 2:40 | Peasant |
| 2:40 | Peasant |
| 3:03 | Town Hall |
| 3:10 | Peasant |
| 3:11 | Improved Lumber Harvesting |
| 3:56 | Peasant |
| 3:56 | Peasant |
| 4:29 | Peasant |
| 4:30 | Peasant |
| 4:34 | Peasant |
| 4:34 | Peasant |
| 4:38 | Keep |
| 4:54 | Scout Tower |
| 4:55 | Scout Tower |
| 4:55 | Scout Tower |
| 5:31 | Scout Tower |
| 5:31 | Scout Tower |
| 5:32 | Scout Tower |
| 5:34 | Scout Tower |
| 5:34 | Scout Tower |
| 5:35 | Scout Tower |
| 5:35 | Scout Tower |
| 5:51 | Guard Tower |
| 5:53 | Guard Tower |
| 6:08 | Scout Tower |
| 6:09 | Scout Tower |
| 6:10 | Scout Tower |
| 6:27 | Scout Tower |
| 6:28 | Scout Tower |
| 6:33 | Scout Tower |
| 6:39 | Scout Tower |
| 6:39 | Scout Tower |
| 6:46 | Guard Tower |
| 6:50 | Guard Tower |
| 6:53 | Scout Tower |
| 6:53 | Scout Tower |
| 7:02 | Guard Tower |
| 7:19 | Scout Tower |
| 7:20 | Scout Tower |
| 7:22 | Guard Tower |
| 7:32 | Advanced Masonry |
| 7:33 | Castle |
| 7:36 | Gryphon Aviary |
| 7:51 | Guard Tower |
| 8:07 | Guard Tower |
| 8:13 | Guard Tower |
| 8:14 | Guard Tower |
| 8:22 | Blacksmith |
| 8:49 | Guard Tower |
| 9:37 | Workshop |
| 9:40 | Workshop |
| 9:49 | Workshop |
| 9:53 | Black Gunpowder |
| 10:01 | Imbued Masonry |
| 10:16 | Farm |
| 10:16 | Farm |
| 10:18 | Farm |
| 10:18 | Farm |
| 10:26 | Holy Light |
| 10:39 | Flak Cannons |
| 10:44 | Flying Machine Bombs |
| 10:50 | Fragmentation Shards |
| 10:54 | Flare |
| 11:03 | Farm |
| 11:05 | Farm |
| 11:22 | Refined Gunpowder |
| 11:26 | Mortar Team |
| 11:30 | Farm |
| 11:34 | Farm |
| 11:54 | Arcane Vault |
| 11:58 | Arcane Vault |
| 12:28 | Flying Machine |
| 12:40 | Imbued Gunpowder |
| 12:42 | Iron Plating |
| 12:45 | Flying Machine |
| 13:07 | Flying Machine |
| 13:25 | Flying Machine |
| 13:26 | Flying Machine |
| 13:31 | Cloud |
| 13:58 | Farm |
| 14:03 | Farm |
| 14:15 | Flying Machine |
| 14:15 | Flying Machine |
| 14:15 | Flying Machine |
| 14:15 | Flying Machine |
| 14:15 | Flying Machine |
| 14:15 | Flying Machine |
| 14:29 | Dragonhawk Rider |
| 14:29 | Dragonhawk Rider |
| 15:16 | Flying Machine |
| 15:16 | Flying Machine |
| 15:50 | Flying Machine |
| 16:14 | Mortar Team |
| 17:20 | Steel Plating |
| 19:35 | Dragonhawk Rider |
| 20:10 | Flying Machine |
| 20:11 | Flying Machine |
| 20:15 | Flying Machine |
| 20:16 | Flying Machine |
| 20:20 | Flying Machine |
| 20:22 | Flying Machine |
| 20:24 | Flying Machine |
| 20:25 | Flying Machine |
| 27:10 | Dragonhawk Rider |
| 27:10 | Dragonhawk Rider |
| 27:21 | Flying Machine |
| 27:22 | Flying Machine |
| 27:26 | Brilliance Aura |
| Right click | 1373 |
| Select group | 1149 |
| Select | 380 |
| Build/train/purchase | 96 |
| Resource trade | 44 |
| Assign group | 19 |
| Misc. action | 13 |
| Esc | 11 |
| Use ability | 6 |
| Remove unit | 3 |
| Minimap ping | 3 |